 Dungeon Crawl Stone Soup version 0.21-a0-518-g43a1781948 (webtiles) character file.

1974 Kaname the Destroyer (level 9, 54/61 HPs)
             Began as a Demonspawn Wizard on Dec 4, 2017.
             Was a Follower of Vehumet.
             Quit the game on level 7 of the Dungeon.
             The game lasted 00:22:40 (5835 turns).

Kaname the Destroyer (Demonspawn Wizard)            Turns: 5835, Time: 00:22:41

Health: 54/61      AC:  5    Str: 11    XL:     9   Next: 0%
Magic:  9/16       EV: 12    Int: 22    God:    Vehumet [*.....]
Gold:   410        SH:  0    Dex: 12    Spells: 8/18 levels left

rFire    . . .     SeeInvis .   s - +1 glaive (freeze)
rCold    . . .     Gourm    .   (shield currently unavailable)
rNeg     + . .     Faith    .   a - +0 robe
rPois    .         Spirit   +   (helmet restricted)
rElec    .         Reflect  .   (no cloak)
rCorr    .         Harm     +   x - +0 pair of gloves
MR       .....                  (no boots)
Stlth    ++........             H - amulet of harm
HPRegen  0.20/turn              F - ring of positive energy
MPRegen  0.15/turn              G - +3 ring of strength

@: no status effects
A: horns 2, slimy green scales 1, demonic guardian 1, magic shield
a: Renounce Religion


You were on level 7 of the Dungeon.
You worshipped Vehumet.
Vehumet was aware of your devotion.
You were not hungry.

You visited 2 branches of the dungeon, and saw 8 of its levels.

You collected 410 gold pieces.

Inventory:

Hand Weapons
 s - a +1 glaive of freezing (weapon)
 y - a +0 shortbow of flaming
Missiles
 i - 17 curare-tipped needles
 A - 3 throwing nets (quivered)
 D - 95 arrows
Armour
 a - a +0 robe (worn)
 x - a +0 pair of gloves (worn)
Jewellery
 F - a ring of positive energy (left hand)
 G - a +3 ring of strength (right hand)
 H - an amulet of harm (around neck)
 J - an uncursed ring of teleportation
Wands
 o - a wand of flame (29)
 C - a wand of acid (11)
Scrolls
 b - a scroll of remove curse
 e - a scroll of amnesia
 h - a scroll of immolation {unknown}
 j - a scroll of noise {unknown}
 k - 2 scrolls of teleportation
 l - 2 scrolls of enchant weapon
 B - a scroll of enchant armour {unknown}
 I - a scroll of blinking {unknown}
Potions
 g - 2 potions of berserk rage {unknown}
 n - 2 potions of cancellation {unknown}
 q - a potion of mutation {unknown}
 r - 2 potions of curing
 t - 2 potions of flight {unknown}
 u - a potion of brilliance {unknown}
 v - a potion of agility {unknown}
 w - a potion of lignification {unknown}
Books
 c - a book of Minor Magic

   Spells                             Type                      Level
   a - Magic Dart                     Conjuration                  1
   b - Blink                          Translocation                2
   c - Call Imp                       Summoning                    2
   d - Slow                           Hexes                        2
   e - Conjure Flame                  Conjuration/Fire             3
   f - Mephitic Cloud                 Conjuration/Poison/Air       3
 m - a book of Cantrips

   Spells                             Type                      Level
   a - Confusing Touch                Hexes                        1
   b - Animate Skeleton               Necromancy                   1
   c - Summon Small Mammal            Summoning                    1
   d - Apportation                    Translocation                1
Comestibles
 d - 6 bread rations
 f - 3 meat rations
 p - 4 fruits
 z - 2 royal jellies
 E - a chunk of flesh


   Skills:
 + Level 2.0 Fighting
 - Level 1.7 Dodging
 - Level 1.7 Stealth
 - Level 5.0 Spellcasting
 - Level 8.2 Conjurations
   Level 1.0 Summonings
 - Level 1.0 Necromancy
 - Level 2.1 Translocations
 - Level 3.0 Fire Magic
 - Level 3.0 Air Magic
 - Level 3.1 Poison Magic


You had 8 spell levels left.
You knew the following spells:

 Your Spells              Type           Power        Failure   Level  Hunger
a - Magic Dart            Conj           ####         1%          1    None
b - Blink                 Tloc           N/A          6%          2    None
c - Mephitic Cloud        Conj/Pois/Air  ####....     4%          3    ##.....
d - Conjure Flame         Conj/Fire      ####....     3%          3    ##.....
e - Animate Skeleton      Necr           N/A          6%          1    None


Dungeon Overview and Level Annotations

Branches:
Dungeon (7/15)             Temple (1/1) D:5

Altars:
Cheibriados
Dithmenos
Elyvilon
Fedhas
Gozag
Hepliaklqana
Kikubaaqudgha
Makhleb
Qazlal
Ru
Uskayaw
Vehumet
Wu Jian
Xom
Yredelemnul
Zin


Innate Abilities, Weirdness & Mutations

You have a pair of horns on your head.
You are partially covered in slimy green scales. (AC +2)
A weak demonic guardian rushes to your aid.
When hurt, damage is shared between your health and your magic reserves.


Message History

The wight is severely damaged.
Attack whom?
Press: ? - help, Dir - move target cursor, f/p - wight
Aim: a wight, wielding an enchanted great sword and wearing a robe (severely damaged)
You reach to attack!
You slash the wight!
You destroy the wight!
Vehumet accepts your kill.
Your Fighting skill increases to level 2!
You have reached level 9!
Your experience leads to an increase in your attributes!
Your base attributes are Str 8, Int 21, Dex 12.
Increase (S)trength, (I)ntelligence, or (D)exterity?
You feel clever.
Your demonic ancestry asserts itself...
Slimy green scales grow over part of your body.
Saving game... please wait.
Welcome back, Kaname the Demonspawn Wizard.
Vehumet says: Let it end in hellfire!
Press ? for a list of commands and other information.
Unknown command.
Are you sure you want to abandon this character and quit the game? (Confirm with "yes".)

..# ..# ##. .<#
... ..# ..# ..#
#.# >...... #.#
####.## #.# ..#
# ## #.# #.# .#
#@# #.# #.#
#ยง# #.#
##.#####[# #.#
#.....##.# #.#
#.# #.##.# #.#
#.# #....# #.#
##.###.####
#.######....z.#
.......#.##.###


There were no monsters in sight!

Vanquished Creatures
  The ghost of JackS81 the Chopper, an amateur DsGl (D:5)
  2 sky beasts (D:6)
  An ogre (D:6)
  A centaur (D:5)
  3 bullfrogs (D:6)
  2 scorpions
  3 wights
  A howler monkey (D:7)
  4 crimson imps
  2 jellies (D:6)
  2 orc priests
  A centaur skeleton (D:4)
  2 iguanas (D:6)
  3 worker ants
  2 hound skeletons (D:6)
  7 adders
  9 gnolls
  3 shadow imps
  An ooze (D:7)
  An adder zombie (D:6)
  A worm (D:3)
  3 dart slugs
  2 leopard geckos
  11 orcs
  6 ball pythons
  9 bats
  6 giant cockroaches
  6 hobgoblins
  9 jackals
  3 quokkas
  4 frilled lizards
  9 goblins
  11 kobolds
  2 leopard gecko skeletons
  9 rats
142 creatures vanquished.

Vanquished Creatures (collateral kills)
  Grinder (D:4)
  An ice beast (D:5)
  A bullfrog (D:6)
  A scorpion (D:5)
  A gnoll shaman (D:5)
  3 gnolls
  An orc (D:6)
9 creatures vanquished.

Grand Total: 151 creatures vanquished

Notes
Turn   | Place    | Note
-------+----------+-------------------------------------------
     0 | D:1      | Kaname the Demonspawn Wizard began the quest for the Orb.
     0 | D:1      | Reached XP level 1. HP: 13/13 MP: 4/4
   271 | D:1      | Reached skill level 2 in Conjurations
   322 | D:1      | Gained mutation: When hurt, damage is shared between your health and your magic reserves. [demonic ancestry]
   322 | D:1      | Reached XP level 2. HP: 19/19 MP: 0/6
   383 | D:1      | Learned a level 2 spell: Blink
   898 | D:1      | Reached skill level 3 in Conjurations
   954 | D:1      | Gained mutation: You have a pair of small horns on your head. [demonic ancestry]
   954 | D:1      | Reached XP level 3. HP: 24/24 MP: 2/7
  1004 | D:1      | Reached skill level 1 in Translocations
  1009 | D:1      | Learned a level 3 spell: Mephitic Cloud
  1151 | D:1      | Reached skill level 1 in Poison Magic
  1329 | D:2      | Reached skill level 1 in Air Magic
  1433 | D:1      | Reached XP level 4. HP: 15/30 MP: 4/8
  1638 | D:2      | Learned a level 3 spell: Conjure Flame
  1828 | D:2      | Reached skill level 4 in Conjurations
  1883 | D:2      | Reached skill level 1 in Fire Magic
  1915 | D:3      | Reached XP level 5. HP: 23/35 MP: 1/9
  2442 | D:4      | Noticed Grinder
  2523 | D:4      | Reached skill level 5 in Conjurations
  2611 | D:4      | Gained mutation: A weak demonic guardian rushes to your aid. [demonic ancestry]
  2611 | D:4      | Reached XP level 6. HP: 28/41 MP: 7/10
  2785 | D:4      | Killed Grinder
  2785 | D:4      | Reached skill level 6 in Conjurations
  2918 | D:4      | Learned a level 1 spell: Animate Skeleton
  2952 | D:4      | Reached XP level 7. HP: 35/46 MP: 0/11
  3062 | D:4      | Reached skill level 7 in Conjurations
  3072 | D:4      | Found a hazy altar of Hepliaklqana.
  3285 | D:5      | Entered Level 5 of the Dungeon
  3316 | D:5      | Found a staircase to the Ecumenical Temple.
  3329 | Temple   | Entered the Ecumenical Temple
  3387 | Temple   | Became a worshipper of Vehumet
  3451 | D:5      | Found a blossoming altar of Fedhas.
  3661 | D:5      | Noticed JackS81's ghost (amateur DsGl)
  3716 | D:5      | Killed JackS81's ghost
  3825 | D:5      | Reached skill level 5 in Spellcasting
  4049 | D:5      | Gained mutation: You have a pair of horns on your head. [demonic ancestry]
  4049 | D:5      | Reached XP level 8. HP: 33/52 MP: 4/15
  4639 | D:6      | Reached skill level 1 in Necromancy
  4764 | D:6      | Reached * piety under Vehumet
  4764 | D:6      | Offered knowledge of Flame Tongue by Vehumet.
  4857 | D:6      | Found a stormy altar of Qazlal.
  5451 | D:6      | Noticed a cyclops
  5457 | D:6      | Reached skill level 8 in Conjurations
  5515 | D:6      | Reached skill level 1 in Fighting
  5834 | D:7      | Gained mutation: You are partially covered in slimy green scales. (AC +2) [demonic ancestry]
  5834 | D:7      | Reached XP level 9. HP: 54/61 MP: 9/16
  5835 | D:7      | Quit the game

Vault maps used:
D:1:      minmay_arrival_cross, hex_medium
D:3:      first_bread
D:4:      lemuel_round_altar, uniq_grinder
D:5:      fedhas_bush_and_centaur_altar, minmay_temple_entry_hall
D:6:      nicolae_overflow_crystal_walls, nzn_random_ring
D:7:      gammafunk_temple_overflow_statue, lemuel_mausoleum_altar_kikubaaqudgha
Temple:   dshaligram_water_room_temple

Skill      XL: |  1  2  3  4  5  6  7  8 |
---------------+-------------------------+-----
Conjurations   | 2 3 4 5 6 7 8 |  8.2
Translocations | 1 2 |  2.1
Poison Magic   | 1 2 3 |  3.1
Air Magic      | 1 2 3 |  3.0
Fire Magic     | 1 3 |  3.0
Spellcasting   | 5 |  5.0
Necromancy     | 1 |  1.0
Fighting       | 2 |  2.0
Dodging        | |  1.7
Stealth        | |  1.7
Summonings     | |  1.0

Action                   |  1- 3 |  4- 6 |  7- 9 || total
-------------------------+-------+-------+-------++-------
Melee: Unarmed           |    29 |       |       ||    29
       Spear             |    26 |     1 |       ||    27
       Headbutt          |     2 |     6 |     5 ||    13
       Glaive            |       |   117 |    92 ||   209
 Cast: Magic Dart        |    85 |    82 |   156 ||   323
       Mephitic Cloud    |     1 |     1 |     6 ||     8
       Blink             |       |     1 |       ||     1
       Conjure Flame     |       |     1 |     5 ||     6
       Animate Skeleton  |       |       |     2 ||     2
  Use: Potion            |       |     3 |     3 ||     6
       Scroll            |       |       |     6 ||     6
 Stab: Sleeping          |     1 |     3 |     1 ||     5
       Distracted        |       |       |     1 ||     1
  Eat: Chunk             |     1 |     6 |    10 ||    17
Armor: Robe              |    18 |    27 |     8 ||    53
Dodge: Dodged            |    52 |    90 |    33 ||   175

Table legend:
 A = Spawn XP
 B = Non-spawn XP
 C = Spawn XP percentage of total XP
 D = Spawn monster count
 E = Non-spawn monster count
 F = Spawn count percentage of total count
 G = Total turns spent on level
                    A         B        C        D         E        F      G
               +---------+---------+-------+---------+---------+-------+---------
         Total |       0 |    2821 |   0.0 |       0 |     151 |   0.0 |  5835
               +---------+---------+-------+---------+---------+-------+---------
           D:1 |       0 |      73 |   0.0 |       0 |      31 |   0.0 |  1330
           D:2 |       0 |     115 |   0.0 |       0 |      26 |   0.0 |   580
           D:3 |       0 |     115 |   0.0 |       0 |      24 |   0.0 |   459
           D:4 |       0 |     466 |   0.0 |       0 |      15 |   0.0 |   916
           D:5 |       0 |     739 |   0.0 |       0 |      16 |   0.0 |   876
           D:6 |       0 |    1196 |   0.0 |       0 |      36 |   0.0 |  1527
           D:7 |       0 |     117 |   0.0 |       0 |       3 |   0.0 |    75
               +---------+---------+-------+---------+---------+-------+---------
